 Dungeon Crawl Stone Soup version 0.20.1-1-g8b1a95d (webtiles) character file.

26 Iko the Grasshopper (level 2, 0/13 HPs)
             Began as a Felid Warper on Apr 30, 2018.
             Slain by a quokka (2 damage)
             ... on level 4 of the Dungeon.
             The game lasted 00:07:22 (532 turns).

Iko the Grasshopper (Felid Warper)                   Turns: 532, Time: 00:07:23

Health: 0/13       AC:  1    Str:  7    XL:     2   Next: 89%
Magic:  6/6        EV: 18    Int: 14    God:
Gold:   41         SH:  0    Dex: 15    Spells: 3/5 levels left
                                        Lives:  0   Deaths: 0

rFire    . . .     SeeInvis +     - Unarmed
rCold    . . .     Gourm    .   (shield unavailable)
rNeg     . . .     Faith    .   (armour unavailable)
rPois    .         Spirit   .   (helmet unavailable)
rElec    .         Reflect  .   (cloak unavailable)
rCorr    .         Harm     .   (gloves unavailable)
MR       .....                  (boots unavailable)
Stlth    ++........             h - amulet of rage
Regen    0.1/turn               (no ring)
MPRegen  0.1/turn               (no ring)

@: lethally poisoned (0 -> -8), quick
A: no armour, no weapons or thrown items, stealth, claws 1, fangs 3, see
invisible, carnivore 3, speed 1, shaggy fur 1, slow metabolism 1, sharp paws
a: Evoke Berserk Rage


You were on level 4 of the Dungeon.
You were not hungry.

You visited 1 branch of the dungeon, and saw 4 of its levels.

You collected 41 gold pieces.

Inventory:

Hand Weapons
 d - a +0 club
 e - a +0 spear
Armour
 f - a +0 robe
Jewellery
 g - an uncursed amulet of guardian spirit
 h - an amulet of rage (around neck)
Scrolls
 b - a scroll of blinking
Books
 a - a book of Spatial Translocations

   Spells                             Type                      Level
   a - Blink                          Translocation                2
   b - Shroud of Golubria             Charms/Translocation         2
   c - Lesser Beckoning               Translocation                3
   d - Gell's Gravitas                Translocation                3
   e - Teleport Other                 Translocation                3
   f - Passage of Golubria            Translocation                4
Comestibles
 c - 2 meat rations
 i - a bread ration


   Skills:
 + Level 2.4 Fighting
 + Level 3.5 Dodging
 + Level 2.4 Unarmed Combat
 + Level 2.2 Spellcasting
 + Level 4.4 Translocations
 + Level 0.4 Evocations


You had 3 spell levels left.
You knew the following spells:

 Your Spells              Type           Power        Failure   Level  Hunger
a - Shroud of Golubria    Chrm/Tloc      #.........   14%         2    ###....


Dungeon Overview and Level Annotations

Branches:
Dungeon (4/15)
 Temple: D:4-7

Altars:


Innate Abilities, Weirdness & Mutations

You cannot wear armour.
You are incapable of wielding weapons or throwing items.
Your paws allow you to move quietly. (Stealth)
You have sharp claws.
You have razor-sharp teeth.
You have supernaturally acute eyesight. (SInv)
You are carnivorous and can eat meat at any time.
You cover ground quickly.
You are covered in fur. (AC +1)
You have a slow metabolism.
Your sharp claws are effective at attacking unaware monsters.


Message History

You enter a teleport trap!
The teleport trap disappears.
Your surroundings suddenly seem different.
An adder and a quokka come into view.
Found a scroll labeled HAYQOK CAR MAOWK and 9 gold pieces.
The adder hisses angrily.
The adder barely misses you.
You closely miss the quokka. The quokka closely misses you.
The adder bites you.
You are lethally poisoned!
The adder poisons you!
You barely miss the quokka.
You feel sick. The quokka bites you. The adder closely misses you.
The quokka bites you.
* * * LOW HITPOINT WARNING * * *
You fail to use your ability.
* * * LOW HITPOINT WARNING * * *
You feel sick. The adder closely misses you. The quokka completely misses you.
You scratch the adder. You bite the adder.
The adder is moderately wounded.
The adder misses you. The quokka bites you.
You die...

#. .... .#..
.....
##+##.....
#.......##
#.........
#.@r......
#S........
#..............
#..............
##.......######
#.......#
#........
#$..?.#.#
###### .# .#


You could see an adder and a quokka.

Vanquished Creatures
  A dart slug (D:2)
  2 leopard geckos
  3 orcs (D:3)
  2 bats
  4 hobgoblins
  A frilled lizard (D:1)
  A goblin (D:3)
  4 kobolds
  A rat (D:2)
19 creatures vanquished.

Notes
Turn   | Place    | Note
-------+----------+-------------------------------------------
     0 | D:1      | Iko the Felid Warper began the quest for the Orb.
     0 | D:1      | Reached XP level 1. HP: 9/9 MP: 4/4
   124 | D:2      | Reached XP level 2. HP: 5/13 MP: 6/6
   465 | D:3      | Learned a level 2 spell: Shroud of Golubria
   525 | D:4      | Noticed an ogre
   532 | D:4      | Slain by a quokka

Action                   || total
-------------------------++-------
Melee: Unarmed           ||    74
       Bite              ||     6
 Abil: Evoke Berserk Rag ||     2
  Use: Scroll            ||     2
Armor: Skin              ||     6
Dodge: Dodged            ||    80
